 Dungeon Crawl Stone Soup version 0.27-a0-1296-g8ece459b43 (webtiles) character file.

Game seed: 6735841896376425137

415 Delamore the Magician (level 7, 0/49 HPs)
             Began as a Djinni Fire Elementalist on June 16, 2021.
             Was a Plaything of Xom.
             Slain by Grinder (7 damage)
             ... while paralysed by Grinder
             ... on level 4 of the Dungeon.
             The game lasted 00:10:36 (5666 turns).

Delamore the Magician (Djinni Fire Elementalist)    Turns: 5666, Time: 00:10:36

Health: 0/49       AC:  3    Str:  7    XL:     7   Next: 15%
Gold:   243        EV:  2    Int: 17    God:    Xom [...*..] SH:  0 Dex: 13

rFire    + + .     SeeInvis +   h - +3 dagger (venom)
rCold    x . .     Faith    .   (no shield)
rNeg     . . .     Spirit   .   a - +0 robe
rPois    ∞         Reflect  .   (no helmet)
rElec    .         Harm     .   (no cloak)
rCorr    .         Rampage  .   y - +0 pair of gloves
Will     .....                  (boots unavailable)
Stlth    ++........             (no amulet)
HPRegen  0.16/turn              f - ring of see invisible
MPRegen  0.00/turn              q - +4 ring of evasion

@: paralysed, flying
A: sickness immunity, fire resistance 2, cold vulnerability 1, float, innate
caster, hp casting, extra vitality 1, dopey 1, screaming 1
a: Renounce Religion


You were on level 4 of the Dungeon.
You worshipped Xom.
You were a favourite toy of Xom.
You visited 1 branch of the dungeon, and saw 4 of its levels.

You collected 243 gold pieces.

Inventory:

Hand Weapons
 h - a +3 dagger of venom (weapon)
Missiles
 g - 5 silver boomerangs
 m - 4 boomerangs
 A - 14 poisoned darts
Armour
 a - a +0 robe (worn)
 b - a +0 pair of gloves
 j - a +0 leather armour
 y - a +0 pair of gloves (worn)
Jewellery
 f - a ring of see invisible (left hand)
 q - a +4 ring of evasion (right hand)
Wands
 s - a wand of digging (5)
 u - a wand of mindburst (9)
 w - a wand of charming (5)
Scrolls
 c - a scroll of fear {unknown}
 d - a scroll of fog {unknown}
 i - 2 scrolls of immolation {unknown}
 k - a scroll of noise {unknown}
 p - a scroll of acquirement {unknown}
 r - a scroll of amnesia {unknown}
 v - a scroll of teleportation {unknown}
 z - a scroll of blinking {unknown}
Potions
 e - 2 potions of ambrosia {unknown}
 l - a potion of heal wounds {unknown}
 n - a potion of berserk rage {unknown}
 o - 2 potions of curing {unknown}
 t - 2 potions of degeneration {unknown}
 x - a potion of flight {unknown}


   Skills:
 + Level 2.1 Fighting
 + Level 1.9 Short Blades
 + Level 3.5 Dodging
 + Level 2.7 Stealth
 * Level 4.2 Spellcasting


You couldn't memorise any spells.
You knew the following spells:

 Your Spells              Type           Power      Damage    Failure   Level
a - Foxfire               Conj/Fire      72%        2x1d7     2%          1
b - Conjure Flame         Conj/Fire      18%        6-21      8%          3
c - Inner Flame           Hex/Fire       18%        N/A       8%          3
d - Sticky Flame          Conj/Fire      18%        2d4       26%         4
e - Fireball              Conj/Fire      9%         3d6       58%         5
f - Sting                 Tmut/Pois      72%        1d6       2%          1
g - Corpse Rot            Necr/Air       N/A        N/A       4%          2
h - Call Canine Familiar  Summ           18%        N/A       8%          3
Your spell library was empty.

Dungeon Overview and Level Annotations

Branches:
Dungeon (4/15)
 Temple: D:4-7

Altars:
Xom
Beogh

Annotations:
D:4 Grinder


Innate Abilities, Weirdness & Mutations

You are immune to sickness and miasma.
You are immune to poison.
Your flesh is very heat resistant. (rF++)
You are vulnerable to cold. (rC-)
You float through the air rather than walking.
You learn spells naturally, not from books.
Your magical power is your life essence.
You have superior vitality. (+4 HP)
You are dopey. (Int -2)
You occasionally shout uncontrollably at your foes.


Message History

Grinder is lightly wounded.
The foxfire hits Grinder.
Grinder is moderately wounded.
The foxfire hits Grinder.
Grinder is moderately wounded.
Grinder closely misses you.
You closely miss Grinder.
Grinder is moderately wounded.
Your foxfire dissipates!
Grinder hits you.
You writhe in agony.
You conjure some foxfire!
Xom asks Qazlal to spice things up a little.
Grinder completely misses you.
You hit Grinder but do no damage.
Grinder is poisoned.
Grinder is moderately wounded.
The foxfire hits Grinder.
Grinder is heavily wounded.
You barely miss Grinder.
Grinder is heavily wounded.
Grinder hits you.
You conjure some foxfire!
Your foxfire dissipates!
Grinder hits you!
You hit Grinder.
Grinder is heavily wounded.
The foxfire hits Grinder.
Grinder is heavily wounded.
The foxfire hits Grinder!
Grinder is severely wounded.
Grinder gestures at you.
You suddenly lose the ability to move!
Grinder hits you!
You writhe in agony.
Grinder hits you!
* * * LOW HITPOINT WARNING * * *
Grinder gestures at you. Pain shoots through your body!
* * * LOW HITPOINT WARNING * * *
Grinder hits you!
You die...
Xom laughs nastily!

##....# ##.....*## #. ##.)..#
#........# ###. ......#
#......#.# #... #.....#
#......#.# #...
#.###.###...>..#.# #... #.#
#...#..!...#.# ######... #.#
###<#......#§# #........
#.#####.#,#....5§########.####...
#.....#.#,#.####@.§....##.# #...
......#.#.#...§§.§§....##.# ####
......#......###§§.....##.#######
......#.#.#....(..#>#####........
......#.......###.#.# #........
......#.###...,,..#.# #........
....#+#.......#.(.#.#####........
###.........#.#...#.#............
..................#.#.####.......


You could see Grinder (poisoned).

Vanquished Creatures
  An ice beast (D:4)
  Dowan (D:4)
  A centaur skeleton (D:4)
  An iguana (D:4)
  Natasha (thrice) (D:4)
  5 adders
  An adder skeleton (D:4)
  2 worms
  2 dart slugs (D:1)
  8 orcs (D:3)
  6 ball pythons
  3 endoplasms (D:1)
  4 giant cockroaches
  7 goblins
  7 hobgoblins
  8 jackals (D:4)
  2 quokkas
  7 bats
  2 frilled lizards
  10 kobolds
  10 rats
91 creatures vanquished.

Vanquished Creatures (collateral kills)
  A foxfire (D:1)
1 creature vanquished.

Vanquished Creatures (others)
  Duvessa (D:4)
  352 foxfires
  2 fungi (D:4)
355 creatures vanquished.

Grand Total: 447 creatures vanquished

Notes
Turn   | Place    | Note
-------+----------+-------------------------------------------
     0 | D:1      | Delamore the Djinni Fire Elementalist began the quest for
                  | the Orb.
     0 | D:1      | Reached XP level 1. HP: 15/15 MP: 0/0
   267 | D:1      | Reached XP level 2. HP: 17/21 MP: 0/0
   623 | D:1      | Reached skill level 3 in Spellcasting
   769 | D:1      | Reached XP level 3. HP: 21/25 MP: 0/0
   769 | D:1      | Learned a level 1 spell: Sting
   866 | D:1      | Found a faded altar of an unknown god.
   896 | D:1      | Became a worshipper of Xom of Chaos
  1179 | D:1      | XOM: noise
  1211 | D:1      | XOM: silly message
  1774 | D:2      | Reached XP level 4. HP: 30/31 MP: 0/0
  2066 | D:2      | XOM: 2-stop teleportation journey
  2478 | D:3      | Reached skill level 1 in Fighting
  2645 | D:2      | XOM: god gift: tourmaline ring {god gift}
  3088 | D:3      | XOM: scenery: create altars
  3285 | D:3      | XOM: 1-stop teleportation journey
  3392 | D:3      | XOM is BORED!
  3392 | D:3      | XOM: give mutations
  3392 | D:3      | Gained mutation: You are dopey. (Int -2) [Xom's mischief]
  3392 | D:3      | Gained mutation: You occasionally shout uncontrollably at
                  | your foes. [Xom's mischief]
  3392 | D:3      | Lost mutation: You occasionally shout uncontrollably at
                  | your foes. [Xom's mischief]
  3392 | D:3      | Gained mutation: You occasionally shout uncontrollably at
                  | your foes. [Xom's mischief]
  3475 | D:4      | Reached XP level 5. HP: 34/37 MP: 0/0
  3475 | D:4      | Learned a level 2 spell: Corpse Rot
  3556 | D:4      | Noticed Duvessa
  3560 | D:4      | Noticed Dowan
  3570 | D:4      | XOM: cast spell 'Summon Small Mammal'
  3576 | D:4      | XOM: fog
  3700 | D:3      | XOM: summons 3 hostile demons
  3842 | D:3      | XOM: divination: detect creatures
  4034 | D:4      | Killed Duvessa
  4034 | D:4      | XOM: divine lightning
  4045 | D:4      | Killed Dowan
  4046 | D:4      | Reached skill level 1 in Short Blades
  4366 | D:4      | Noticed Purgy
  4375 | D:4      | Noticed Purgy
  4375 | D:4      | Purgy changed into Purgy the ice beast
  4375 | D:4      | XOM: polymorph Purgy -> Purgy the ice beast
  4404 | D:4      | Killed Purgy the ice beast
  4405 | D:4      | Reached skill level 4 in Spellcasting
  4405 | D:4      | Reached XP level 6. HP: 12/43 MP: 0/0
  4425 | D:4      | XOM: scenery: 1 doors open
  4467 | D:4      | XOM: 5-stop teleportation journey
  4639 | D:4      | XOM: divination: magic mapping
  4722 | D:4      | Noticed Natasha
  4733 | D:4      | Killed Natasha
  5179 | D:4      | Noticed Natasha
  5181 | D:4      | XOM: destruction
  5185 | D:4      | Killed Natasha
  5385 | D:4      | Noticed Natasha
  5397 | D:4      | Killed Natasha
  5398 | D:4      | Reached XP level 7. HP: 38/49 MP: 0/0
  5398 | D:4      | Learned a level 3 spell: Call Canine Familiar
  5503 | D:4      | XOM: divination: detect items
  5651 | D:4      | Noticed Grinder
  5658 | D:4      | XOM: fog
  5662 | D:4      | Paralysed by Grinder for 7 turns
  5666 | D:4      | Slain by Grinder

Illustrated notes

Levels and vault maps discovered:
D:1:      minmay_arrival_arboretum_small, layout_basic,
          hellmonk_ecumenical_altar_defaced_shrine, minivault_4,
          chequers_serial_rivers_micro_c, serial_bayou_pond_d
D:2:      layout_rooms
D:3:      layout_loops_ring
D:4:      layout_basic, kennysheep_nub, uniq_grinder, uniq_crazy_yiuf_cottage,
          uniq_duvessa, uniq_purgy, uniq_natasha

Skill      XL: |  1  2  3  4  5  6 |
---------------+-------------------+-----
Spellcasting   | 3 4 |  4.2
Fighting       | 1 2 |  2.1
Stealth        | 2 |  2.7
Short Blades   | 1 |  1.9
Dodging        | 3 |  3.5

Action                   |  1- 3 |  4- 6 |  7- 9 || total
-------------------------+-------+-------+-------++-------
Melee: Dagger            |       |    49 |     9 ||    58
 Cast: Foxfire           |    83 |   134 |    12 ||   229
       Inner Flame       |       |     1 |       ||     1
       Call Canine Famil |       |       |     1 ||     1
Armor: Robe              |     1 |    11 |     1 ||    13
Dodge: Dodged            |       |    53 |     5 ||    58

Table legend: (Time is in decaauts)
 A = Elapsed time spent in this place.
 B = Non-inter-level travel time spent in this place.
 C = Inter-level travel time spent in this place.
 D = Time resting spent in this place.
 E = Time spent auto-exploring this place.
 F = Levels seen in this place.
 G = Mean time per level.
                   A        B        C        D        E       F      G
               +--------+--------+--------+--------+--------+-----+--------+
         Total |   5672 |   5527 |    145 |   1323 |   3443 |   4 | 1418.0 |
       Dungeon |   5672 |   5527 |    145 |   1323 |   3443 |   4 | 1418.0 |
               +--------+--------+--------+--------+--------+-----+--------+

Top non-repeatable levels by time:
     D:3: 1679 daAuts
     D:4: 1545 daAuts
     D:1: 1538 daAuts
     D:2: 909 daAuts
